Map: Cerulean Fall LE

Players

PunkYoshi - Winner!

  • Race: Terran Terran
  • League: Platinum
  • Spawn Location: 7:00

Sketchaphone

  • Race: Zerg Zerg
  • League: Platinum
  • Spawn Location: 1:00

VOD

Have the link to the VOD?

Description

Time

  • Played on: Nov. 11, 2018, 2:54 p.m.
  • Length: 15:25
Show
View Real Time Build Order
Export as new Build Order

PunkYoshi Terran - Winner!

Build Orders: Liberator Opening 

Get SALT Encoding   

  12  0:01  SCV  
  13  0:13  SCV  
  14  0:17  Supply Depot  
  14  0:25  SCV  
  15  0:30  Refinery  
  15  0:39  SCV  
  16  0:45  Barracks  
  16  0:51  SCV  
  17  1:03  SCV  
  18  1:17  SCV  
  19  1:22  Refinery  
  19  1:29  SCV  
  20  1:33  Reaper, Supply Depot  
  21  1:41  SCV  
  22  1:53  Factory, SCV  
  23  2:06  Orbital Command  
  23  2:26  Barracks Reactor  
  23  2:27  Command Center  
  23  2:33  SCV  
  24  2:44  Starport  
  24  3:11  SCV  
  25  3:21  Ghost Academy, Barracks Tech Lab  
  25  3:23  Hellion x2  
  29  3:38  Liberator  
  29  3:49  Hellion x2  
  29  3:54  Stimpack  
  36  4:06  Orbital Command  
  36  4:07  Supply Depot  
  36  4:20  Barracks  
  36  4:21  Marine  
  37  4:26  SCV  
  36  4:59  Liberator  
  29  5:10  Supply Depot  
  29  5:12  SCV x2  
  29  5:13  Marine  
  32  5:14  Supply Depot  
  32  5:15  Hellion x2  
  32  5:19  Barracks Reactor  
  32  5:20  Barracks  
  39  5:23  Supply Depot  
  39  5:24  SCV x2  
  41  5:30  Ghost  
  43  5:36  SCV  
  43  5:40  Engineering Bay  
  44  5:54  Widow Mine x2  
  48  6:05  Ghost  
  48  6:06  Marine x2  
  52  6:16  SCV x2  
  54  6:28  SCV x2  
  56  6:34  Marine  
  56  6:38  Widow Mine x2  
  56  6:39  Barracks Reactor  
  61  6:40  Starport Reactor, SCV  
  61  6:41  Combat Shield  
  61  6:43  Marine x2  
  61  6:45  SCV  
  65  6:47  Personal Cloaking  
  65  6:49  Supply Depot  
  65  6:52  Marine, SCV  
  67  6:58  SCV  
  67  7:00  Widow Mine  
  70  7:04  SCV  
  68  7:45  Marine  
  68  7:46  Medivac x2, Widow Mine x2  
  74  7:51  Marine x2  
  74  7:52  Marine x2  
  78  8:02  Marine, SCV x2  
  81  8:07  Terran Infantry Weapons Level 1  
  81  8:09  Marine x2  
  81  8:10  Marine, Command Center  
  81  8:11  Marine  
  85  8:12  Nuke  
  85  8:20  Marine  
  86  8:33  Widow Mine  
  86  8:35  Widow Mine  
  86  8:40  Marine x2  
  86  8:42  Marine x2  
  86  9:01  Marine x2  
  86  9:02  Medivac x2, Marine x3, Widow Mine x2  
  99  9:19  Marine  
  99  9:20  Marine  
  101  9:32  Medivac  
  70  10:22  Marine  
  70  10:23  Marine x4  
  70  10:24  Medivac x2, Widow Mine x2  
  79  10:40  Marine x5  
  80  10:46  SCV x2  
  80  10:48  Planetary Fortress  
  80  10:51  Missile Turret  
  80  10:52  Terran Infantry Armor Level 1  
  80  10:54  Medivac  
  69  10:57  Armory, Supply Depot  
  69  10:58  Marine x5, SCV  
  69  11:00  Engineering Bay  
  69  11:01  SCV  
  76  11:07  Widow Mine x2  
  76  11:08  Barracks  
  76  11:10  Barracks, SCV  
  81  11:14  SCV  
  81  11:15  Marine  
  81  11:16  Marine x4  
  85  11:30  Liberator  
  75  11:42  Marine  
  75  11:43  Marine x4  
  75  11:44  Widow Mine x2  
  87  12:00  Marine  
  87  12:01  Marine x4  
  70  12:18  Marine  
  70  12:19  Marine x4  
  75  12:24  Medivac, Widow Mine x2  
  75  12:28  SCV x2  
  83  12:33  Refinery  
  83  12:35  SCV  
  83  12:36  Marine x3  
  87  12:39  Ghost  
  87  12:40  SCV x2  
  91  12:47  SCV  
  91  12:48  Barracks  
  91  12:51  Marine x3  
  94  12:53  Command Center  
  94  12:54  Marine x3  
  98  13:08  Marine x2  
  100  13:45  Missile Turret  
  100  13:54  Marine x7  
  107  13:56  Medivac x2, Widow Mine x2  
  115  14:12  Marine x7  
  122  14:17  Widow Mine  
  122  14:20  Missile Turret  
  124  14:26  Medivac x2  
  124  14:29  Marine  
  124  14:30  Marine x6  
  134  14:47  Marine  
  134  14:48  Marine x5  
Show
View Real Time Build Order
Export as new Build Order

Sketchaphone Zerg 

Build Orders: Hatch First 

Get SALT Encoding   

  12  0:01  Drone  
  13  0:17  Overlord  
  13  0:18  Drone  
  14  0:35  Drone x2  
  16  0:55  Hatchery  
  15  0:58  Extractor  
  14  1:08  Spawning Pool  
  14  1:11  Drone  
  14  1:17  Drone  
  14  1:18  Drone  
  16  1:22  Drone  
  17  1:33  Drone  
  18  1:44  Drone  
  19  1:54  Overlord  
  19  2:03  Metabolic Boost  
  19  2:04  Queen  
  19  2:05  Drone  
  22  2:10  Zergling x2  
  22  2:22  Spine Crawler  
  21  2:28  Queen  
  23  2:30  Drone  
  23  2:33  Drone  
  25  2:56  Drone x3  
  27  3:11  Queen  
  30  3:12  Drone  
  30  3:13  Overlord x2  
  30  3:14  Drone  
  30  3:19  Drone  
  32  3:20  Drone  
  32  3:41  Drone x2  
  32  3:42  Overlord  
  32  3:43  Drone x5  
  32  3:47  Pneumatized Carapace  
  39  4:17  Drone x2  
  39  4:18  Overlord, Drone x3  
  39  4:21  Zergling x2  
  45  4:25  Spine Crawler  
  45  4:27  Spine Crawler  
  43  4:31  Spine Crawler  
  43  4:32  Spine Crawler  
  41  4:51  Drone x6  
  37  5:05  Drone x2  
  37  5:06  Drone x5  
  43  5:26  Overlord, Drone x3  
  46  5:37  Drone  
  47  5:52  Hatchery  
  46  6:20  Overlord  
  46  6:21  Overlord  
  46  6:24  Lair, Roach Warren  
  45  6:27  Evolution Chamber  
  45  6:28  Zergling x14  
  45  6:29  Evolution Chamber, Drone  
  45  6:32  Hatchery  
  49  6:40  Spore Crawler, Hatchery  
  46  6:49  Drone x6  
  46  6:50  Drone  
  52  7:02  Drone x3  
  52  7:05  Drone  
  53  7:33  Drone x4  
  53  7:34  Drone  
  57  7:45  Hydralisk Den  
  57  7:48  Drone x2  
  57  7:49  Queen  
  59  7:54  Drone x4  
  59  7:55  Roach x2  
  67  8:01  Extractor x2  
  65  8:09  Zergling x14  
  65  8:12  Overseer  
  72  8:17  Roach x2, Glial Reconstitution  
  72  8:19  Zerg Melee Weapons Level 1  
  76  8:20  Zergling x8  
  64  8:51  Zergling x34  
  81  8:57  Roach  
  83  9:04  Overseer  
  68  9:22  Roach x6  
  53  9:46  Zergling x8  
  53  9:47  Zergling x14  
  53  9:48  Drone  
  65  9:57  Zergling x2  
  66  10:04  Extractor  
  55  10:24  Zergling x24  
  55  10:25  Queen x2  
  55  10:26  Queen  
  67  10:44  Roach x3  
  67  10:45  Roach  
  69  10:57  Spore Crawler  
  69  10:58  Hydralisk x2  
  72  11:23  Queen x2  
  72  11:28  Zergling x4  
  72  11:35  Hydralisk  
  72  11:43  Drone  
  72  11:44  Overlord  
  72  11:45  Overlord x3  
  56  12:09  Zergling x2  
  56  12:10  Zergling x22  
  68  12:24  Drone x2  
  68  12:25  Drone x3  
  73  12:30  Overseer  
  73  12:45  Drone x2  
  58  13:06  Hatchery  
  55  13:18  Drone  
  55  13:19  Drone x10  
  64  13:28  Roach x2  
  67  13:59  Roach  
  67  14:00  Roach x8  
  85  14:05  Roach x2  
  76  14:43  Hydralisk x2  
  76  14:44  Hydralisk x8  
Tags
 
Add a new tag
Caveats
  • Supply blocks, unpowered buildings, or Contaminate may cause inaccurate times.
  • Supply counts are checked every 10 seconds.